 Dungeon Crawl Stone Soup version 0.32-a0-468-g38b2580 (webtiles) character file.

Game seed: 5070855016756748649

69 Dorkslayer the Covered (level 3, 0/45 HPs)
             Began as a Demigod Fighter on Feb 24, 2024.
             Killed from afar by an orc wizard (5 damage)
             ... with a magic dart
             ... on level 2 of the Dungeon.
             The game lasted 00:03:03 (1366 turns).

Dorkslayer the Covered (Demigod Fighter)            Turns: 1366, Time: 00:03:04

Health: 0/45       AC:  9    Str: 21    XL:     3   Next: 75%
Magic:  5/5        EV:  8    Int: 10    God:
Gold:   96         SH:  4    Dex: 13    Spells: 2/2 levels left

rFire   + +          .
                       - Unarmed
rCold   + . .        b - +0 buckler
rNeg    . . .        d - +0 chain mail
rPois   +            (helmet restricted)
rElec   +            g - scarf {repulsion}
rCorr   +            (no gloves)
SInv    .            (no boots)
Will    .....        (no amulet) Stlth
                     (no ring)
HPRegen 0.27/turn    (no ring)
MPRegen 0.09/turn

%: repel missiles
@: berserking, resistant, very quick
A: high MP 1, forlorn, divine attributes, antennae 1, fire resistance 1
a: no special abilities


You were on level 2 of the Dungeon.
You visited 1 branch of the dungeon, and saw 2 of its levels.

You collected 96 gold pieces.

Inventory:

Armour
 b - a +0 buckler (worn)
 c - a +0 cloak
 d - a +0 chain mail (worn)
 g - a scarf of repulsion (worn)
Scrolls
 a - a scroll of identify {unknown}
 e - a scroll of immolation {unknown}
Potions
 h - a potion of resistance


   Skills:
 + Level 2.9 Fighting
 + Level 3.0 Armour
 * Level 1.1 Dodging
 + Level 3.0 Shields
 * Level 2.9 Unarmed Combat


You had 2 spell levels left.
You didn't know any spells.
Your spell library contained the following spells:

 Spells                   Type           Power      Damage    Failure   Level
 Sublimation of Blood     Necr           0%         N/A       99%         2
 Petrify                  Alch/Erth      0%         N/A       100%        4
 Sticky Flame             Fire/Alch      0%         2d4       100%        4
 Irradiate                Conj/Alch      0%         3d11      100%        5


Dungeon Overview and Level Annotations

Branches:
Dungeon (2/15)


Innate Abilities, Weirdness & Mutations

You have an increased reservoir of magic. (+10% MP)
You shall have no god before yourself.
Your divine heritage dramatically boosts your attributes as you level up.
You have a pair of small antennae on your head.
Your flesh is heat resistant. (rF+)


Message History

The puff of flame misses you.
The puff of flame hits the orc!
The orc dies!
You barely miss the orc.
The orc is moderately wounded.
The bat closely misses you. The orc closely misses you. x2
The orc hits you with a +0 club.
The orc wizard points at you and mumbles some strange words.
The magic dart hits you.
* * * LOW HITPOINT WARNING * * *
It was a potion of resistance.
You feel protected.
You feel less confused. The orc hits you with a +0 short sword.
* * * LOW HITPOINT WARNING * * *
The orc hits you but does no damage. The orc closely misses you.
The orc wizard hits you with a +0 dagger.
* * * LOW HITPOINT WARNING * * *
The bat barely misses you.
It was a potion of mutation.
You feel extremely strange. A pair of antennae grows on your head!
You feel resistant to heat. The bat barely misses you.
You block the orc's attack. The orc hits you with a +0 club.
* * * LOW HITPOINT WARNING * * *
The orc hits you with a +0 club.
* * * LOW HITPOINT WARNING * * *
The orc wizard hits you but does no damage.
It was a potion of berserk rage.
A red film seems to cover your vision as you go berserk!
You feel yourself moving faster!
You feel mighty! The orc hits you but does no damage.
The orc hits you with a +0 club.
* * * LOW HITPOINT WARNING * * *
The orc hits you but does no damage.
The orc wizard hits you but does no damage.
The bat hits you but does no damage.
You barely miss the orc wizard.
The orc wizard is moderately wounded.
You block the bat's attack. The orc hits you but does no damage. x2
You block the orc's attack. The orc wizard casts a spell at you.
The magic dart hits you.
You die...

#......###.##.....########
####...###.##.......†.....
#.......##.....########
#...######.....# #...#
###.### #...# #...####
#...# #......#####
###...########.#.##.##...
.......)@o...#..).#.##...
......booo...............
.............#....#.##...
##.#...#.######.##.#.##...
#...#.### #).....#####
#.......# #.##.###
#.......#.# #.##.# ###
#.#...#.#.# #....#####..
#.......# # ####.##....#


You could see an orc wizard, 3 orcs and a bat.

Vanquished Creatures
  Crazy Yiuf (D:2)
  An adder (D:2)
  11 endoplasms
  A giant cockroach (D:1)
  3 goblins (D:1)
  3 hobgoblins
  2 ball pythons
  3 bats
  A frilled lizard (D:2)
  2 kobolds
  2 rats
30 creatures vanquished.

Vanquished Creatures (others)
  An orc (D:2)
1 creature vanquished.

Grand Total: 31 creatures vanquished

Notes
Turn   | Place    | Note
-------+----------+-------------------------------------------
     0 | D:1      | Dorkslayer the Demigod Fighter began the quest for the Orb.
     0 | D:1      | Reached XP level 1. HP: 18/18 MP: 3/3
   122 | D:1      | Got the Secrets of the Gift
   257 | D:1      | Reached XP level 2. HP: 25/25 MP: 4/4
  1001 | D:2      | Reached skill level 1 in Dodging
  1018 | D:2      | Reached XP level 3. HP: 27/30 MP: 5/5
  1048 | D:2      | Found a runed translucent door.
  1049 | D:2      | Noticed Crazy Yiuf
  1058 | D:2      | Killed Crazy Yiuf
  1364 | D:2      | Gained mutation: You have a pair of small antennae on your
                  | head. [potion of mutation]
  1364 | D:2      | Gained mutation: Your flesh is heat resistant. (rF+)
                  | [potion of mutation]
  1366 | D:2      | Killed from afar by an orc wizard

Illustrated notes

Levels and vault maps discovered:
D:1:      roderic_crop_circles_arrival_small, layout_basic, serial_glass,
          glass_columns_b, glass_columns_b
D:2:      minmay_wonky_spiral, layout_loops_cross, minmay_misc_feat_diagonals,
          uniq_crazy_yiuf_cottage

Skill      XL: |  1  2  3 |
---------------+----------+-----
Unarmed Combat | 2 |  2.9
Dodging        | 1 |  1.1
Armour         | 3 |  3.0
Shields        | 3 |  3.0
Fighting       | |  2.9

Action                     || total
---------------------------++-------
  Melee: Unarmed           ||   198
    Use: Potion            ||     4
 Armour: Chain mail        ||   116
  Dodge: Dodged            ||    68
  Block: Buckler           ||    24

Table legend: (Time is in decaauts)
 A = Elapsed time spent in this place.
 B = Non-inter-level travel time spent in this place.
 C = Inter-level travel time spent in this place.
 D = Time resting spent in this place.
 E = Time spent auto-exploring this place.
 F = Levels seen in this place.
 G = Mean time per level.
                   A        B        C        D        E       F      G
               +--------+--------+--------+--------+--------+-----+--------+
         Total |   1367 |   1367 |      0 |      0 |    772 |   2 |  683.5 |
       Dungeon |   1367 |   1367 |      0 |      0 |    772 |   2 |  683.5 |
               +--------+--------+--------+--------+--------+-----+--------+

Top non-repeatable levels by time:
     D:1: 806 daAuts
     D:2: 560 daAuts
